 Dungeon Crawl Stone Soup version 0.24-a0-250-g6074511 (webtiles) character file.

Game seed: 9671460287305558356

70 Borgoz the Cutter (level 4, -1/27 HPs)
             Began as a Kobold Gladiator on Apr 14, 2019.
             Slain by an orc (4 damage)
             ... on level 3 of the Dungeon.
             The game lasted 00:02:41 (1570 turns).

Borgoz the Cutter (Kobold Gladiator)                Turns: 1570, Time: 00:02:41

Health: -1/27      AC:  6    Str: 12    XL:     4   Next: 44%
Magic:  4/4        EV: 15    Int:  9    God:
Gold:   141        SH:  0    Dex: 16    Spells: 3/3 levels left

rFire    + . .     SeeInvis .   b - +3 dagger (venom)
rCold    + . .     Gourm    .   (shield restricted)
rNeg     . . .     Faith    .   h - +0 ring mail
rPois    +         Spirit   .   c - +0 helmet
rElec    +         Reflect  .   (no cloak)
rCorr    +         Harm     .   (no gloves)
MR       .....                  (no boots)
Stlth    ++........             (no amulet)
HPRegen  0.09/turn              m - ring of flight
MPRegen  0.09/turn              (no ring)

@: resistant
A: small, carnivore
a: Evoke Flight


You were on level 3 of the Dungeon.
You were completely stuffed.

You visited 1 branch of the dungeon, and saw 3 of its levels.

You collected 141 gold pieces.

Inventory:

Hand Weapons
 a - a +0 rapier
 b - a +3 dagger of venom (weapon)
Missiles
 d - 3 throwing nets (quivered)
Armour
 c - a +0 helmet (worn)
 h - a +0 ring mail (worn)
Jewellery
 m - a ring of flight (left hand)
 r - an uncursed amulet of rage {unknown}
Scrolls
 g - a scroll of fog {unknown}
 i - a scroll of enchant armour {unknown}
 j - 4 scrolls of remove curse {unknown}
 p - a scroll of noise {unknown}
 q - 3 scrolls of teleportation {unknown}
 t - 3 scrolls of blinking {unknown}
 u - a scroll of amnesia {unknown}
 x - a scroll of magic mapping {unknown}
Potions
 e - a potion of mutation {unknown}
 k - a potion of flight {unknown}
 l - a potion of resistance
 n - a potion of haste {unknown}
 o - 2 potions of brilliance {unknown}
 s - a potion of magic {unknown}
 v - a potion of curing {unknown}
 w - a potion of might {unknown}
Comestibles
 f - 5 rations
 z - 2 chunks of flesh


   Skills:
 + Level 2.8 Fighting
 + Level 4.6 Short Blades
 - Level 2.1 Throwing
 + Level 1.1 Armour
 + Level 4.1 Dodging
 + Level 2.2 Stealth


You had 3 spell levels left.
You didn't know any spells.
Your spell library was empty.

Dungeon Overview and Level Annotations

Branches:
Dungeon (3/15)

Altars:
Makhleb


Innate Abilities, Weirdness & Mutations

You are small and have problems with some larger weapons.
You are carnivorous and can eat meat at any time.


Message History

You hit the orc.
The orc is lightly wounded.
The orc hits you but does no damage.
You hit the orc but do no damage.
The orc is lightly wounded.
The orc hits you but does no damage.
You hit the orc.
The orc is poisoned.
The orc is moderately wounded.
The orc priest casts a cantrip, but nothing happens.
You hit the orc.
You kill the orc!
The orc priest calls down the wrath of Beogh upon you.
Beogh smites you!
Ouch! That really hurt!
* * * LOW HITPOINT WARNING * * *
You barely miss the orc. The orc barely misses you.
It was a potion of resistance.
You feel protected. The orc hits you.
You die...

.....# . ....#. ....#. .... ...#
...####.. .# #..###........)o#
... ..........####o# #.#.#
...........>##@# #.#.#
#.........#.##.# #.#.#
#.#.......#.##<# #.#.#
###...#..........# #########.#.#
.##..............# #.........#.#
..............##.###.#######.#<#
..............##.##............#
........##.#..##.##..#########.#
.##.....##.#..##.##..### #.#


You could see an orc priest and an orc.

Vanquished Creatures
  An ooze (D:2)
  A dart slug (D:2)
  4 leopard geckos
  3 orcs (D:3)
  10 bats
  A giant cockroach (D:2)
  6 goblins
  8 hobgoblins
  2 jackals (D:1)
  7 kobolds
  A quokka (D:3)
  2 frilled lizards (D:1)
  6 rats
52 creatures vanquished.

Notes
Turn   | Place    | Note
-------+----------+-------------------------------------------
     0 | D:1      | Borgoz the Kobold Gladiator began the quest for the Orb.
     0 | D:1      | Reached XP level 1. HP: 12/12 MP: 1/1
   168 | D:1      | Reached XP level 2. HP: 18/18 MP: 2/2
   220 | D:1      | Reached skill level 1 in Stealth
   349 | D:1      | Reached XP level 3. HP: 22/22 MP: 3/3
   839 | D:2      | Found a burning altar of Makhleb.
   965 | D:2      | Reached XP level 4. HP: 25/27 MP: 4/4
  1175 | D:2      | Reached skill level 1 in Armour
  1570 | D:3      | Slain by an orc

Levels and vault maps discovered:
D:1:      wander_arrival_lonely_grave, layout_basic, minmay_unequal
D:2:      layout_loops_ring, old_standard_altar
D:3:      layout_basic, first_ration, skrybe_limestone_x

Skill      XL: |  1  2  3  4 |
---------------+-------------+-----
Stealth        | 1 2 |  2.2
Dodging        | 4 |  4.1
Armour         | 1 |  1.1
Fighting       | |  2.8
Short Blades   | |  4.6
Throwing       | |  2.1

Action                   |  1- 3 |  4- 6 || total
-------------------------+-------+-------++-------
Melee: Rapier            |    63 |       ||    63
       Dagger            |    43 |    40 ||    83
  Use: Potion            |       |     1 ||     1
  Eat: Chunk             |     9 |     2 ||    11
Armor: Leather armour    |    15 |       ||    15
       Ring mail         |    13 |     9 ||    22
Dodge: Dodged            |    97 |    27 ||   124

Table legend:
 A = Non-vault XP
 B = Vault XP
 C = Vault XP percentage of total XP
 D = Non-vault monster count
 E = Vault monster count
 F = Vault count percentage of total count
                 A         B        C        D         E       F
            +---------+---------+-------+---------+---------+-------
      Total |      92 |       8 |   8.0 |      47 |       5 |   9.6
            +---------+---------+-------+---------+---------+-------
        D:1 |      40 |       8 |  16.7 |      22 |       5 |  18.5
        D:2 |      33 |       0 |   0.0 |      16 |       0 |   0.0
        D:3 |      19 |       0 |   0.0 |       9 |       0 |   0.0
            +---------+---------+-------+---------+---------+-------
